 Dungeon Crawl Stone Soup version 0.31-a0-7-g51783674b7 (webtiles) character file.

Game seed: 4895397376977719731

42 sircluck the Trooper (level 3, -3/33 HPs)
             Began as a Hill Orc Fighter on May 5, 2023.
             Killed from afar by Sigmund (9 damage)
             ... with a puff of flame
             ... on level 1 of the Dungeon.
             The game lasted 00:02:05 (1149 turns).

sircluck the Trooper (Hill Orc Fighter)             Turns: 1149, Time: 00:02:05

Health: -3/33      AC: 10    Str: 20    XL:     3   Next: 54%
Magic:  3/3        EV:  7    Int:  8    God:
Gold:   43         SH:  0    Dex: 10    Spells: 2/2 levels left

rFire   . . .        a - +0 war axe
rCold   . . .        c - +0 buckler
rNeg    . . .        f - +0 chain mail
rPois   .            (no helmet)
rElec   .            k - +0 cloak
rCorr   .            (no gloves)
SInv    .            (no boots)
Will    .....        (no amulet) Stlth
                     (no ring)
HPRegen 0.25/turn    (no ring)
MPRegen 0.08/turn

%: no passive effects
@: confused
A: no striking features
a: no special abilities


You were on level 1 of the Dungeon.
You visited 1 branch of the dungeon, and saw 2 of its levels.

You collected 43 gold pieces.

Inventory:

Hand Weapons
 a - a +0 war axe (weapon)
Missiles
 j - 4 boomerangs (quivered)
Armour
 b - a +0 scale mail
 c - a +0 buckler (worn)
 f - a +0 chain mail (worn)
 k - a +0 cloak (worn)
Scrolls
 e - 2 scrolls of identify {unknown}
 i - a scroll of blinking {unknown}
 l - a scroll of enchant armour {unknown}
Potions
 d - 2 potions of might
 g - 2 potions of curing {unknown}
 h - a potion of degeneration {unknown}


   Skills:
 + Level 4.1 Fighting
 + Level 3.9 Axes
 + Level 3.6 Armour
 + Level 3.5 Shields


You had 2 spell levels left.
You didn't know any spells.
Your spell library was empty.

Dungeon Overview and Level Annotations

Branches:
Dungeon (2/15)

Altars:

Annotations:
D:2 Sigmund


Message History

The frilled lizard barely misses you.
The grasping roots release their grip on you.
Unknown command.
Something hits you but does no damage. You block the frilled lizard's attack.
The frilled lizard bites you but does no damage.
You closely miss something. You hit the frilled lizard.
You kill the frilled lizard!
You hit the frilled lizard.
You kill the frilled lizard!
Something hits you but does no damage.
You hear some strange, mumbled words.
A magic dart appears from out of thin air!
The magic dart hits you. Something hits you.
There is a stone staircase leading up here.
You hear a zap.
The roots erupt in riotous growth!
The grasping roots grab you!
You are constricted.
* * * LOW HITPOINT WARNING * * *
The roots lose their grip on you.
You climb upwards.
Reactivating autopickup.
There is a stone staircase leading down here.
You hear some strange, mumbled words.
A puff of flame appears from out of thin air!
Deactivating autopickup; reactivate with Ctrl-A.
The puff of flame hits you but does no damage.
You hear a zap.
The roots erupt in riotous growth!
The grasping roots grab you!
You are constricted.
* * * LOW HITPOINT WARNING * * *
You escape the roots grasp.
Unknown command.
You are confused.
You bump into the rock wall.
You hear some strange, mumbled words.
A puff of flame appears from out of thin air!
The puff of flame hits you!
You die...

......# #......# #.........#
#####.###......########.###..#...
## #...'......'..[..........#.##
.# #####......########.####.#.#
.##### #......##.......####.#.#
.....# #......##.......##...#.#
.##..####......##.......##.###.#
.##....##......##.......##.###.#
.##(##..........@.{.>...##.....#
.##.#############......#########
.##.### #......# .##...########
#......###### .##..........#
#...........#
###..........######....)....#
#..........##...#....)....#
##..........##...#.[.......#
#...........##...#.........#


There were no monsters in sight!

Vanquished Creatures
  A dart slug (D:1)
  A ball python (D:1)
  4 bats
  3 endoplasms (D:1)
  A giant cockroach (D:2)
  5 goblins
  6 hobgoblins
  4 quokkas
  5 frilled lizards
  4 kobolds (D:1)
  A rat (D:2)
35 creatures vanquished.

Notes
Turn   | Place    | Note
-------+----------+-------------------------------------------
     0 | D:1      | sircluck the Hill Orc Fighter began the quest for the Orb.
     0 | D:1      | Reached XP level 1. HP: 19/19 MP: 1/1
   126 | D:1      | Reached XP level 2. HP: 24/27 MP: 2/2
   149 | D:1      | Reached skill level 4 in Fighting
   395 | D:1      | Reached XP level 3. HP: 22/33 MP: 3/3
  1120 | D:2      | Noticed Sigmund
  1149 | D:1      | Killed from afar by Sigmund

Illustrated notes

Levels and vault maps discovered:
D:1:      lightli_arrival_boilingwater, layout_basic
D:2:      layout_loops_ring, uniq_sigmund

Skill      XL: |  1  2 |
---------------+-------+-----
Axes           | 3 |  3.9
Fighting       | 4 |  4.1
Armour         | |  3.6
Shields        | |  3.5

Action                     || total
---------------------------++-------
  Melee: War axe           ||   100
 Armour: Scale mail        ||    18
         Chain mail        ||    51
  Dodge: Dodged            ||    43
  Block: Buckler           ||    22

Table legend: (Time is in decaauts)
 A = Elapsed time spent in this place.
 B = Non-inter-level travel time spent in this place.
 C = Inter-level travel time spent in this place.
 D = Time resting spent in this place.
 E = Time spent auto-exploring this place.
 F = Levels seen in this place.
 G = Mean time per level.
                   A        B        C        D        E       F      G
               +--------+--------+--------+--------+--------+-----+--------+
         Total |   1187 |   1151 |     36 |      0 |    678 |   2 |  593.5 |
       Dungeon |   1187 |   1151 |     36 |      0 |    678 |   2 |  593.5 |
               +--------+--------+--------+--------+--------+-----+--------+

Top non-repeatable levels by time:
     D:1: 979 daAuts
     D:2: 207 daAuts
